 Dungeon Crawl Stone Soup version 0.28-a0-10-g964c8b829e (webtiles) character file.

Game seed: 11738166585094457682

674 HAL9000 the Sneak (level 7, -2/34 HPs)
             Began as a Vine Stalker Brigand on July 25, 2021.
             Slain by a gnoll sergeant (9 damage)
             ... on level 5 of the Dungeon.
             The game lasted 00:07:53 (4972 turns).

HAL9000 the Sneak (Vine Stalker Brigand)            Turns: 4972, Time: 00:07:53

Health: -2/34      AC:  6    Str: 15    XL:     7   Next: 59%
Magic:  0/14       EV: 11    Int: 12    God:
Gold:   109        SH:  0    Dex: 15    Spells: 9/14 levels left

rFire   . . .      SeeInvis .   g - +3 dagger
rCold   . . .      Faith    .   (no shield)
rNeg    . . .      Spirit   +   p - +2 robe {Will+}
rPois   +          Reflect  .   (no helmet)
rElec   .          Harm     .   c - +0 cloak
rCorr   .          Rampage  .   (no gloves)
Will    +....                   r - +0 pair of boots
Stlth   +++.......              (no amulet)
HPRegen 1.11/turn               n - ring of poison resistance
MPRegen 0.14/turn               (no ring)

@: no status effects
A: fangs 2, regeneration 1, magic shield, antimagic bite, no potion heal 2
a: no special abilities


You were on level 5 of the Dungeon.
You visited 1 branch of the dungeon, and saw 5 of its levels.

You collected 109 gold pieces.

Inventory:

Hand Weapons
 a - a +2 dagger
 g - a +3 dagger (weapon)
 t - a +5 vorpal scimitar
Missiles
 b - 3 atropa-tipped darts
 d - a poisoned dart (quivered)
 e - 2 curare-tipped darts
 h - 99 stones
Armour
 c - a +0 cloak (worn)
 p - a +2 robe of willpower (worn)
 r - a +0 pair of boots (worn)
 x - +0 fire dragon scales
Jewellery
 n - a ring of poison resistance (left hand)
Wands
 q - a wand of paralysis (11)
Scrolls
 f - a scroll of fog
 j - a scroll of enchant weapon {unknown}
 k - a scroll of fear {unknown}
 m - a scroll of magic mapping {unknown}
 s - a scroll of amnesia {unknown}
 v - a scroll of silence {unknown}
Potions
 i - a potion of heal wounds {unknown}
 l - a potion of lignification {unknown}
 o - a potion of ambrosia {unknown}
 u - 2 potions of cancellation {unknown}
 w - a potion of attraction {unknown}


   Skills:
 - Level 1.7 Fighting
 - Level 3.7 Short Blades
 - Level 2.0 Throwing
 - Level 0.7 Dodging
 - Level 5.0 Stealth
 - Level 4.4 Spellcasting
 + Level 4.9 Hexes


You had 9 spell levels left.
You knew the following spells:

 Your Spells              Type           Power      Damage    Failure   Level
a - Ensorcelled Hibernat  Hex/Ice        16%        N/A       12%         2
b - Tukima's Dance        Hex            14%        N/A       9%          3

Your spell library contained the following spells:

 Spells                   Type           Power      Damage    Failure   Level
 Corona                   Hex            15%        N/A       2%          1
 Sting                    Tmut/Pois      8%         1d3       22%         1
 Corpse Rot               Necr/Air       N/A        N/A       32%         2
 Poisonous Vapours        Pois/Air       4%         N/A       32%         2
 Dispel Undead            Necr           2%         3d7       91%         4
 Olgreb's Toxic Radiance  Pois           2%         N/A       91%         4
 Death Channel            Necr           1%         N/A       100%        6


Dungeon Overview and Level Annotations

Branches:
Dungeon (5/15)
 Temple: D:4-7

Altars:
Qazlal


Innate Abilities, Weirdness & Mutations

You have extremely sharp teeth.
Your natural rate of healing is unusually fast.
When hurt, damage is shared between your health and your magic reserves.
Your bite disrupts and absorbs the magic of your enemies.
Potions cannot restore your health.


Message History

The centaur skeleton misses you. The gnoll sergeant barely misses you.
You hit the centaur skeleton.
The centaur skeleton is heavily damaged.
The centaur skeleton hits you. The centaur skeleton barely misses you.
The gnoll sergeant closely misses you.
You hit the centaur skeleton. You bite the centaur skeleton.
You drain its power.
You feel invigorated.
The centaur skeleton is almost destroyed.
The centaur skeleton hits you.
The centaur skeleton kicks you but does no damage.
The centaur skeleton hits you but does no damage.
The centaur skeleton kicks you.
You hit the centaur skeleton. You bite the centaur skeleton.
You drain its power.
You feel invigorated.
The centaur skeleton is almost destroyed.
You hit the gnoll sergeant but do no damage.
You bite the gnoll sergeant. You drain its power.
The gnoll sergeant is severely wounded.
You hit the gnoll sergeant.
The gnoll sergeant is severely wounded.
You hear the rapid rusting of a drain nearby.
The gnoll sergeant hits you with a +0 trident!
You completely miss the gnoll sergeant.
You bite the gnoll sergeant, but do no damage.
The gnoll sergeant is severely wounded.
The gnoll sergeant hits you with a +0 trident!
You hit the gnoll sergeant but do no damage.
The gnoll sergeant is severely wounded.
The gnoll sergeant hits you with a +0 trident.
You hit the gnoll sergeant but do no damage.
You bite the gnoll sergeant, but do no damage.
The gnoll sergeant is severely wounded.
You hit the gnoll sergeant but do no damage.
The gnoll sergeant is severely wounded.
The gnoll sergeant hits you with a +0 trident!
* * * LOW HITPOINT WARNING * * *
You barely miss the gnoll sergeant.
The gnoll sergeant is severely wounded.
The gnoll sergeant hits you with a +0 trident!
You die...

..#......#.#.####............####
..#......##### ##.##..##.#.#..#.
.........#### #.........##.....
#........##.######......#........
.........#.........##...#..##....
.#..........##..#.......#####...#
###......####...#.......## ##....
#.###### #.......##....###..###
... .##....#@..###...#.#...#. ..
......###g.####.....#.... ...
.#...###............#.... ......
##.###g.##.............. ......
#..#.....#..............
......##.......(#..............
#....#........##........##.... #
#....................####.... #.
####.................## .....


You could see a gnoll sergeant.

Vanquished Creatures
  A centaur (D:5)
  An ogre (D:2)
  A phantom (D:5)
  A bullfrog (D:4)
  Jessica (D:2)
  3 iguanas
  An orc wizard (D:4)
  A howler monkey zombie (D:5)
  8 gnolls
  3 adders
  An adder skeleton (D:4)
  4 worms
  4 dart slugs (D:3)
  10 orcs
  9 endoplasms
  A giant cockroach (D:2)
  7 goblins
  8 hobgoblins
  9 jackals
  3 quokkas
  6 ball pythons
  3 bats
  5 frilled lizards
  5 kobolds
  6 rats
  A spectral kobold (D:3)
103 creatures vanquished.

Notes
Turn   | Place    | Note
-------+----------+-------------------------------------------
     0 | D:1      | HAL9000 the Vine Stalker Brigand began the quest for the
                  | Orb.
     0 | D:1      | Reached XP level 1. HP: 11/11 MP: 2/2
   320 | D:1      | Reached skill level 5 in Stealth
   590 | D:1      | Reached XP level 2. HP: 14/15 MP: 3/3
   617 | D:1      | Reached skill level 1 in Spellcasting
   629 | D:1      | Learned a level 2 spell: Ensorcelled Hibernation
  1550 | D:2      | Noticed Jessica
  1552 | D:2      | Killed Jessica
  1553 | D:2      | Reached XP level 3. HP: 18/18 MP: 8/8
  2000 | D:2      | Noticed an ogre
  2015 | D:2      | Killed an ogre
  2016 | D:2      | Gained mutation: Your natural rate of healing is unusually
                  | fast. [Vine Stalker growth]
  2016 | D:2      | Reached XP level 4. HP: 23/23 MP: 9/11
  2016 | D:2      | Reached XP level 5. HP: 26/26 MP: 9/12
  2112 | D:2      | Learned a level 3 spell: Tukima's Dance
  2335 | D:2      | Reached skill level 1 in Hexes
  2887 | D:3      | Found a faded altar of an unknown god.
  3185 | D:3      | Reached XP level 6. HP: 30/30 MP: 11/13
  3398 | D:3      | Found a stormy altar of Qazlal.
  4379 | D:5      | Entered Level 5 of the Dungeon
  4506 | D:5      | Reached XP level 7. HP: 29/34 MP: 14/14
  4972 | D:5      | Slain by a gnoll sergeant

Illustrated notes

Levels and vault maps discovered:
D:1:      co_arrival_random_square_maze, layout_basic
D:2:      layout_loops_ring, eino_tiny_chamber, uniq_jessica
D:3:      minmay_octagon_keep, layout_loops_cross, marbit_many_paths,
          dreamdust_ecumenical_altar_drowned_temple, minivault_19
D:4:      layout_basic, corexii_item_surrounded_by_moat
D:5:      layout_cave_pools, lemuel_doored_altar,
          nicolae_overflow_hidden_temple, portal_sewer_entry_b

Skill      XL: |  1  2  3  4  5  6 |
---------------+-------------------+-----
Stealth        | 5 |  5.0
Throwing       | 2 |  2.0
Spellcasting   | 2 4 |  4.4
Hexes          | 2 4 |  4.9
Short Blades   | 3 |  3.7
Fighting       | |  1.7
Dodging        | |  0.7

Action                   |  1- 3 |  4- 6 |  7- 9 || total
-------------------------+-------+-------+-------++-------
Melee: Dagger            |    51 |   223 |    82 ||   356
       Bite              |    11 |    73 |    26 ||   110
Throw: Dart              |    11 |    22 |     5 ||    38
 Cast: Ensorcelled Hiber |       |       |     2 ||     2
Evoke: Wand              |       |     1 |       ||     1
  Use: Scroll            |     1 |     1 |       ||     2
 Stab: Sleeping          |     7 |     7 |     1 ||    15
       Paralysed         |       |     1 |       ||     1
Armor: Robe              |    13 |    44 |    17 ||    74
       Fire dragon scale |       |    33 |       ||    33
Dodge: Dodged            |    22 |    89 |    45 ||   156

Table legend: (Time is in decaauts)
 A = Elapsed time spent in this place.
 B = Non-inter-level travel time spent in this place.
 C = Inter-level travel time spent in this place.
 D = Time resting spent in this place.
 E = Time spent auto-exploring this place.
 F = Levels seen in this place.
 G = Mean time per level.
                   A        B        C        D        E       F      G
               +--------+--------+--------+--------+--------+-----+--------+
         Total |   4943 |   4709 |    234 |    604 |   3079 |   5 |  988.6 |
       Dungeon |   4943 |   4709 |    234 |    604 |   3079 |   5 |  988.6 |
               +--------+--------+--------+--------+--------+-----+--------+

Top non-repeatable levels by time:
     D:1: 1536 daAuts
     D:2: 1251 daAuts
     D:4: 1042 daAuts
     D:3: 713 daAuts
     D:5: 398 daAuts
